 Dungeon Crawl Stone Soup version 0.20.1-1-g8b1a95d (webtiles) character file.

49 dvd the Chiller (level 3, -2/25 (26) HPs)
             Began as a Ghoul Ice Elementalist on Oct 13, 2017.
             Slain by a goblin (3 damage)
             ... led by Robin
             ... on level 2 of the Dungeon.
             The game lasted 00:03:57 (1500 turns).

dvd the Chiller (Ghoul Ice Elementalist)            Turns: 1500, Time: 00:03:58

HP:   -2/25 (26)    AC:  2    Str:  9 (11) XL:     3   Next: 75%
MP:   0/5           EV: 12    Int: 11      God:
Gold: 59            SH:  0    Dex:  7 (9)  Spells: 0/6 levels left

rFire    . . .     SeeInvis .   a - +0 short sword
rCold    + . .     Gourm    .   (no shield)
rNeg     + + +     Faith    .   h - +0 robe
rPois    ∞         Spirit   .   (no helmet)
rElec    .         Reflect  .   (no cloak)
rCorr    .         Harm     .   (no gloves)
MR       .....                  (no boots)
Stlth    ++........             (no amulet)
Regen    0.0/turn               (no ring)
MPRegen  0.1/turn               (no ring)

@: very slightly contaminated, rotting
A: rotting body, claws 1, carnivore 3, cold resistance 1, negative energy
resistance 3, inhibited regeneration, torment resistance, unbreathing
a: no special abilities


You were on level 2 of the Dungeon.
You were not hungry.

You visited 1 branch of the dungeon, and saw 2 of its levels.

You collected 59 gold pieces.

Inventory:

Hand Weapons
 a - a +0 short sword (weapon)
Armour
 h - a +0 robe (worn)
Scrolls
 e - a scroll of remove curse {unknown}
 f - a scroll of amnesia
 j - a scroll of immolation {unknown}
 k - a scroll of enchant weapon {unknown}
Potions
 l - a potion of brilliance {unknown}
Books
 b - a book of Frost

   Spells                             Type                      Level
   a - Freeze                         Ice                          1
   b - Throw Frost                    Conjuration/Ice              2
   c - Ozocubu's Armour               Charms/Ice                   3
   d - Throw Icicle                   Conjuration/Ice              4
   e - Summon Ice Beast               Ice/Summoning                4
Comestibles
 c - 2 meat rations
 d - 3 chunks of flesh
 i - a royal jelly


   Skills:
 + Level 0.2 Fighting
 + Level 0.6 Short Blades
 + Level 1.9 Dodging
 + Level 2.3 Stealth
 + Level 2.3 Spellcasting
 + Level 0.7 Conjurations
 + Level 4.1 Ice Magic


You couldn't memorise any spells.
You knew the following spells:

 Your Spells              Type           Power        Failure   Level  Hunger
a - Freeze                Ice            ##..         4%          1    ##.....
b - Throw Frost           Conj/Ice       #.....       16%         2    ###....
c - Ozocubu's Armour      Chrm/Ice       #.......     34%         3    ####...


Dungeon Overview and Level Annotations

Branches:
Dungeon (2/15)

Altars:

Annotations:
D:2 Robin


Innate Abilities, Weirdness & Mutations

Your body is rotting away.
You thrive on raw meat.
You are immune to poison.
You have sharp fingernails.
You are carnivorous and can eat meat at any time.
Your flesh is cold resistant. (rC+)
You are immune to negative energy. (rN+++)
You do not regenerate when monsters are visible.
You are immune to unholy pain and torment.
You can survive without breathing.


Message History

Okay, then.
You feel your flesh rotting away. The goblin barely misses you.
The goblin hits you.
* * * LOW HITPOINT WARNING * * *
Unknown command.
You closely miss the goblin. The goblin closely misses you.
The goblin hits you.
* * * LOW HITPOINT WARNING * * *
Unknown command.
It was a potion of mutation.
You feel extremely strange.
Your body decomposes!
You feel clumsy.
Your body decomposes!
You feel weakened.
Your body decomposes!
You feel clumsy.
Your body decomposes!
You feel weakened. The goblin misses you. The goblin hits you.
You die...

#.# ## #.# .# #.#
.# #+ #.# .# ..<
#.# .# .... #.#
.## .....
##.##### #.####
....gg####.#....#
##...+
...gggg@g.....#÷#
#.####
...ggg####...##.#
.## ....g
##.##..# ## ....
####.## # ... #.#
# #+# #.# # #.#
#.# # #.#
##########.# #
##.###.......##.#


You could see Robin, 2 hobgoblins and 8 goblins.

Vanquished Creatures
  2 worms (D:2)
  A dart slug (D:1)
  2 leopard geckos
  4 bats (D:1)
  6 giant cockroaches
  2 goblins
  4 hobgoblins
  3 quokkas (D:2)
  2 frilled lizards
  4 kobolds (D:1)
  7 rats
37 creatures vanquished.

Notes
Turn   | Place    | Note
-------+----------+-------------------------------------------
     0 | D:1      | dvd the Ghoul Ice Elementalist began the quest for the Orb.
     0 | D:1      | Reached XP level 1. HP: 14/14 MP: 2/2
   248 | D:1      | Reached XP level 2. HP: 19/20 MP: 0/3
   527 | D:1      | Reached skill level 4 in Ice Magic
   618 | D:1      | Learned a level 2 spell: Throw Frost
   672 | D:1      | Reached XP level 3. HP: 26/26 MP: 0/5
   724 | D:1      | Learned a level 3 spell: Ozocubu's Armour
  1490 | D:2      | Noticed Robin
  1499 | D:2      | HP: 1/25 [goblin[Robin] (3)]
  1500 | D:2      | Slain by a goblin

Skill      XL: |  1  2 |
---------------+-------+-----
Spellcasting   | 2 |  2.3
Ice Magic      | 4 |  4.1
Fighting       | |  0.2
Short Blades   | |  0.6
Dodging        | |  1.9
Stealth        | |  2.3
Conjurations   | |  0.7

Action                   || total
-------------------------++-------
Melee: Short sword       ||    74
 Cast: Freeze            ||    48
       Throw Frost       ||     5
  Use: Scroll            ||     1
       Potion            ||     1
 Stab: Sleeping          ||     3
  Eat: Chunk             ||    20
Armor: Robe              ||    19
Dodge: Dodged            ||    68
